 Dungeon Crawl Stone Soup version 0.20.0-15-g7f486f2 (webtiles) character file.

35 renl the Charmwright (level 3, 0/30 HPs)
             Began as a Draconian Skald on June 22, 2017.
             Was an Initiate of Ashenzari.
             Slain by Natasha (8 damage)
             ... on level 2 of the Dungeon.
             The game lasted 00:03:21 (737 turns).

renl the Charmwright (Draconian Skald)               Turns: 737, Time: 00:03:22

Health: 0/30       AC:  5    Str: 13    XL:     3   Next: 17%
Magic:  5/6        EV: 12    Int: 14    God:    Ashenzari [......]
Gold:   35         SH:  2    Dex: 10    Spells: 0/6 levels left

rFire    . . .     SeeInvis .   a - +0 mace
rCold    . . .     Gourm    .   (no shield)
rNeg     . . .     Faith    .   (armour unavailable)
rPois    +         Spirit   .   (helmet restricted)
rElec    .         Reflect  +   (no cloak)
rCorr    .         Harm     .   (no gloves)
MR       .....                  (no boots)
Stlth    +.........             g - +2 amulet of reflection
Regen    0.1/turn               e - ring of poison resistance
MPRegen  0.1/turn               (no ring)

@: no status effects
A: unfitting armour, cold-blooded, AC +5
a: Curse Item, Renounce Religion


You were on level 2 of the Dungeon.
You worshipped Ashenzari.
Ashenzari was noncommittal.
You were not hungry.

You visited 1 branch of the dungeon, and saw 2 of its levels.

You collected 35 gold pieces.

Inventory:

Hand Weapons
 a - a +0 mace (weapon)
Armour
 h - a +0 shield
Jewellery
 e - a ring of poison resistance (left hand)
 f - an uncursed amulet of regeneration
 g - a +2 amulet of reflection (around neck)
Scrolls
 i - a scroll of remove curse
Potions
 d - a potion of heal wounds {unknown}
Books
 b - a book of Battle

   Spells                             Type                      Level
   a - Infusion                       Charms                       1
   b - Shroud of Golubria             Charms/Translocation         2
   c - Song of Slaying                Charms                       2
   d - Spectral Weapon                Hexes/Charms                 3
   e - Regeneration                   Charms/Necromancy            3
Comestibles
 c - a bread ration
 j - a meat ration


   Skills:
 * Level 2.5 Fighting
 * Level 2.8 Maces & Flails
 + Level 2.1 Dodging
 + Level 0.2 Shields
 + Level 2.1 Spellcasting
 * Level 3.1 Charms


You couldn't memorise any spells.
You knew the following spells:

 Your Spells              Type           Power        Failure   Level  Hunger
a - Infusion              Chrm           ##..         7%          1    ##.....
b - Shroud of Golubria    Chrm/Tloc      #.........   19%         2    ###....
c - Regeneration          Chrm/Necr      #.........   36%         3    ####...


Dungeon Overview and Level Annotations

Branches:
Dungeon (2/15)

Altars:
Ashenzari

Annotations:
D:2 Natasha


Innate Abilities, Weirdness & Mutations

Your plain brown scales are hard. (AC +5)
You cannot fit into any form of body armour.
You are cold-blooded and may be slowed by cold attacks.


Message History

The crimson imp blinks!
The kobold hits you but does no damage.
You hit the kobold.
You kill the kobold!
Your shroud begins to fray at the edges.
You miss Natasha.
Natasha stares at you and mumbles some strange words.
The magic dart hits you! Natasha claws you but does no damage.
You completely miss Natasha.
Natasha mumbles some strange words.
You closely miss Natasha.
Your shroud bends Natasha's attack away.
You closely miss Natasha. Natasha claws you!
* * * LOW HITPOINT WARNING * * *
Natasha howls an incantation.
Natasha shimmers violently.
You block Natasha's attack.
You hit Natasha but do no damage.
Your shroud unravels.
Natasha claws you!
You die...

#.# #.#.... #.#...
#.#... #####.#..
#...#.#5. ##...#.#5#
#......#h# #
#....###@# ...
#..).'.#'#..#
#..<.#......#
.........#.........#
.................#.#
.......#########.#
....... ... #######
.#. #


You could see Natasha, a crimson imp and a white imp.

Vanquished Creatures
  An ooze (D:1)
  3 dart slugs (D:1)
  A giant cockroach (D:1)
  4 hobgoblins
  3 jackals (D:1)
  4 bats (D:1)
  2 frilled lizards (D:1)
  2 goblins (D:1)
  A kobold (D:2)
  4 rats (D:1)
25 creatures vanquished.

Notes
Turn   | Place    | Note
-------+----------+-------------------------------------------
     0 | D:1      | renl the Draconian Skald began the quest for the Orb.
     0 | D:1      | Reached XP level 1. HP: 17/17 MP: 3/3
    23 | D:1      | Found a shattered altar of Ashenzari.
    28 | D:1      | Became a worshipper of Ashenzari the Shackled
   122 | D:1      | Reached XP level 2. HP: 24/25 MP: 0/5
   139 | D:1      | Learned a level 2 spell: Shroud of Golubria
   371 | D:1      | Reached skill level 3 in Charms
   601 | D:1      | Reached XP level 3. HP: 30/30 MP: 3/6
   606 | D:1      | Learned a level 3 spell: Regeneration
   728 | D:2      | Noticed Natasha
   737 | D:2      | Slain by Natasha

Skill      XL: |  1  2 |
---------------+-------+-----
Charms         | 3 |  3.1
Fighting       | |  2.5
Maces & Flails | |  2.8
Dodging        | |  2.1
Shields        | |  0.2
Spellcasting   | |  2.1

Action                   || total
-------------------------++-------
Melee: Mace              ||    74
       Tailslap          ||     2
 Cast: Infusion          ||     1
       Shroud of Golubri ||     6
 Stab: Sleeping          ||     1
Armor: Skin              ||    23
Dodge: Dodged            ||    49
Block: Other             ||     6
